 Dungeon Crawl Stone Soup version 0.20.0-10-g0535bb4 (webtiles) character file.

4217 MTVSty1e the Carver (level 10, -5/89 HPs)
             Began as a Purple Draconian Gladiator on June 5, 2017.
             Was a Believer of Cheibriados.
             Slain by a two-headed ogre
             ... wielding a +0 giant spiked club
              (19 damage)
             ... on level 8 of the Dungeon.
             The game lasted 00:17:33 (8638 turns).

MTVSty1e the Carver (Purple Draconian Gladiator)    Turns: 8638, Time: 00:17:33

Health: -5/89      AC: 11    Str: 24    XL:     10   Next: 9%
Magic:  12/12      EV: 17    Int: 13    God:    Cheibriados [**....]
Gold:   571        SH:  0    Dex: 19    Spells: 9/9 levels left

rFire    . . .     SeeInvis .   C - +4 long sword (freeze)
rCold    . . .     Gourm    +   (no shield)
rNeg     . . .     Faith    .   (armour unavailable)
rPois    .         Spirit   .   j - +2 hat
rElec    .         Reflect  .   (no cloak)
rCorr    +         Harm     .   g - +1 pair of gloves
MR       +....                  (no boots)
Stlth    ++........             d - amulet of the gourmand
Regen    0.3/turn               s - +3 ring of dexterity
MPRegen  0.2/turn               x - ring of resist corrosion

@: very slow
A: breathe power, unfitting armour, stinger 1, talons 1, cold-blooded, AC +7
a: Breathe Dispelling Energy, Bend Time, Renounce Religion


You were on level 8 of the Dungeon.
You worshipped Cheibriados.
Cheibriados was pleased with you.
You were full.

You visited 2 branches of the dungeon, and saw 9 of its levels.

You collected 571 gold pieces.

Inventory:

Hand Weapons
 a - a +1 long sword
 C - a +4 long sword of freezing (weapon)
Missiles
 c - 4 throwing nets (quivered)
Armour
 g - a +1 pair of gloves (worn)
 j - a +2 hat (worn)
Jewellery
 d - an amulet of the gourmand (around neck)
 s - a +3 ring of dexterity (left hand)
 x - a ring of resist corrosion (right hand)
Wands
 h - a wand of disintegration (12/24)
 l - a wand of lightning (8/15)
 p - a wand of iceblast (4/15)
 r - a wand of acid (8/15)
 t - a wand of enslavement (11/24)
 u - a wand of paralysis (11/24)
Scrolls
 b - 2 scrolls of remove curse
 f - a scroll of amnesia
 i - a scroll of enchant armour
 v - 2 scrolls of teleportation
 y - a scroll of fog
 D - a scroll of blinking {unknown}
Potions
 e - 4 potions of curing
 k - a potion of magic
 m - 3 potions of brilliance
 o - 2 potions of lignification
 z - a potion of flight {unknown}
 B - a potion of berserk rage
Books
 q - a book of Misfortune

   Spells                             Type                      Level
   a - Confusing Touch                Hexes                        1
   b - Confuse                        Hexes                        3
   c - Gell's Gravitas                Translocation                3
   d - Petrify                        Transmutation/Earth          4
   e - Metabolic Englaciation         Hexes/Ice                    5
   f - Yara's Violent Unravelling     Hexes/Transmutation          5
Comestibles
 n - 2 meat rations
 A - a bread ration


   Skills:
 + Level 8.3 Fighting
 * Level 11.1 Long Blades
 - Level 1.7 Throwing
 + Level 6.1 Dodging
 + Level 2.9 Invocations


You had 9 spell levels left.
You didn't know any spells.

Dungeon Overview and Level Annotations

Branches:
Dungeon (8/15)             Temple (1/1) D:7
   Lair: D:8-11

Altars:
Cheibriados
Dithmenos
Fedhas
Gozag
Kikubaaqudgha
Okawaru
Qazlal
Zin
The Shining One

Shops:
D:8 :


Innate Abilities, Weirdness & Mutations

You can breathe bolts of dispelling energy.
Your rich purple scales are hard. (AC +7)
You cannot fit into any form of body armour.
You are cold-blooded and may be slowed by cold attacks.
Your tail ends in a poisonous barb.
You have sharp toenails.


Message History

The adder bites you but does no damage. The two-headed ogre closely misses you.
You riposte.
You slice the two-headed ogre!! You freeze the two-headed ogre!
You claw the two-headed ogre.
Your tail-slap misses the two-headed ogre.
The two-headed ogre is heavily wounded.
The two-headed ogre hits you with a giant club!
Okay, then.
You hit the two-headed ogre. You freeze the two-headed ogre.
You claw the two-headed ogre, but do no damage.
The two-headed ogre is heavily wounded.
The adder completely misses you. The adder bites you but does no damage.
The two-headed ogre hits you with a giant spiked club!!
The two-headed ogre closely misses you.
Okay, then.
The two-headed ogre looks more healthy.
The two-headed ogre closely misses you.
The two-headed ogre hits you with a giant club!!
* * * LOW HITPOINT WARNING * * *
The adder closely misses you. The adder completely misses you.
The two-headed ogre hits you with a giant spiked club!!
You die...

###.. #...... >....
#...... ..... #..... #...
#######..#####
#...##.##.##..##..##+##
+.....................#
#.......S.............#
#.......O@............#
#..<...##.....##...#######
#......#####+###...####.##
+......! .........#.....
#......%# .......รท)'.....
#.......# .........#.....
#......## #####....#...##
#......# #...##...##
######...##


You could see a two-headed ogre and an adder.

Vanquished Creatures
  A two-headed ogre (D:8)
  A troll (D:7)
  The ghost of MTVSty1e the Slasher, an amateur DrGl (D:3)
  Edmund (D:4)
  2 ice beasts
  An orc warrior (D:7)
  3 sky beasts
  2 ogres
  2 phantoms
  2 centaurs
  A big kobold (D:7)
  Blork the orc (D:4)
  2 bullfrogs (D:7)
  A water moccasin zombie (D:5)
  A scorpion (D:8)
  7 killer bees
  4 wights (D:7)
  A howler monkey (D:5)
  2 crimson imps
  2 jellies
  A gnoll shaman (D:4)
  2 orc priests (D:7)
  3 hounds
  11 orc wizards
  3 bullfrog skeletons
  3 iguanas
  Ijyb (D:5)
  2 worker ants
  A hound skeleton (D:7)
  Robin (D:4)
  A worker ant zombie (D:7)
  8 gnolls
  8 adders
  5 shadow imps
  An ooze (D:1)
  An adder skeleton (D:8)
  An adder zombie (D:6)
  2 dart slugs
  A leopard gecko (D:2)
  16 orcs
  9 bats
  5 giant cockroaches
  11 goblins
  8 hobgoblins
  11 jackals
  4 quokkas
  8 ball pythons
  2 frilled lizards
  10 kobolds
  A leopard gecko skeleton (D:7)
  7 rats
186 creatures vanquished.

Notes
Turn   | Place    | Note
-------+----------+-------------------------------------------
     0 | D:1      | MTVSty1e the Draconian Gladiator began the quest for the Orb.
     0 | D:1      | Reached XP level 1. HP: 17/17 MP: 1/1
   128 | D:1      | Reached XP level 2. HP: 23/25 MP: 2/2
   924 | D:2      | Found an ancient bone altar of Kikubaaqudgha.
   924 | D:2      | Found a blossoming altar of Fedhas.
   925 | D:2      | Found a glowing silver altar of Zin.
   928 | D:2      | Found a stormy altar of Qazlal.
   993 | D:2      | Reached XP level 3. HP: 30/30 MP: 3/3
  1084 | D:2      | Reached skill level 4 in Long Blades
  1124 | D:2      | Reached XP level 4. HP: 28/38 MP: 4/4
  1774 | D:3      | Noticed MTVSty1e's ghost (amateur DrGl)
  1794 | D:3      | Killed MTVSty1e's ghost
  1794 | D:3      | Reached skill level 5 in Long Blades
  1794 | D:3      | Reached XP level 5. HP: 46/46 MP: 5/5
  1800 | D:3      | Reached XP level 6. HP: 52/52 MP: 6/6
  1817 | D:3      | Reached skill level 6 in Long Blades
  1951 | D:3      | Found a faded altar of an unknown god.
  2380 | D:4      | Noticed Robin
  2399 | D:4      | Killed Robin
  2998 | D:4      | Noticed Blork the orc
  3016 | D:4      | Killed Blork the orc
  3019 | D:4      | Reached skill level 5 in Fighting
  3177 | D:4      | Your scales start taking on a rich purple colour.
  3177 | D:4      | Reached XP level 7. HP: 55/61 MP: 7/7
  3541 | D:4      | Noticed Edmund
  3557 | D:4      | Killed Edmund
  3557 | D:4      | Reached skill level 7 in Long Blades
  3895 | D:5      | Entered Level 5 of the Dungeon
  4345 | D:5      | Noticed Ijyb
  4347 | D:5      | Paralysed by Ijyb for 6 turns
  4361 | D:5      | Killed Ijyb
  4548 | D:5      | Reached skill level 8 in Long Blades
  4548 | D:5      | Reached XP level 8. HP: 53/70 MP: 8/8
  5479 | D:6      | Found an opulent altar of Gozag.
  5590 | D:6      | Gained mutation: You have sharp toenails. [mutagenic meat]
  5591 | D:6      | Gained mutation: Your tail ends in a poisonous barb. [mutagenic meat]
  5964 | D:6      | Reached skill level 9 in Long Blades
  6938 | D:7      | Noticed a troll
  6957 | D:7      | Killed a troll
  6957 | D:7      | Reached skill level 5 in Dodging
  6957 | D:7      | Reached XP level 9. HP: 24/79 MP: 9/9
  7608 | D:7      | Found a staircase to the Ecumenical Temple.
  7636 | Temple   | Entered the Ecumenical Temple
  7647 | Temple   | Became a worshipper of Cheibriados the Contemplative
  7671 | D:7      | Reached skill level 10 in Long Blades
  8029 | D:7      | Reached * piety under Cheibriados
  8150 | D:7      | Reached skill level 1 in Invocations
  8352 | D:8      | Found Kudd's Book Shoppe.
  8383 | D:8      | Noticed a two-headed ogre
  8396 | D:8      | Killed a two-headed ogre
  8396 | D:8      | Reached skill level 11 in Long Blades
  8396 | D:8      | Reached XP level 10. HP: 42/89 MP: 11/11
  8403 | D:8      | Reached ** piety under Cheibriados
  8628 | D:8      | Noticed a two-headed ogre
  8638 | D:8      | Slain by a two-headed ogre

Skill      XL: |  1  2  3  4  5  6  7  8  9 |
---------------+----------------------------+-----
Fighting       | 3 4 5 7 8 |  8.3
Long Blades    | 4 5 6 8 9 11 | 11.1
Dodging        | 3 5 6 |  6.1
Invocations    | 2 |  2.9
Throwing       | |  1.7

Action                   |  1- 3 |  4- 6 |  7- 9 | 10-12 || total
-------------------------+-------+-------+-------+-------++-------
Melee: Long sword        |    60 |   150 |   392 |    10 ||   612
       Tailslap          |    16 |    26 |    85 |     2 ||   129
       Kick              |       |       |   120 |     6 ||   126
 Abil: Breathe Dispellin |       |       |     1 |       ||     1
  Use: Potion            |       |     3 |     3 |     1 ||     7
       Scroll            |       |     6 |     6 |       ||    12
 Stab: Sleeping          |     1 |     2 |       |       ||     3
       Distracted        |     1 |       |       |       ||     1
  Eat: Bread ration      |       |     1 |     2 |       ||     3
       Fruit             |       |     2 |       |       ||     2
       Chunk             |       |     1 |     5 |       ||     6
       Meat ration       |       |       |     1 |     1 ||     2
Armor: Skin              |    12 |    69 |   146 |     5 ||   232
Dodge: Dodged            |    37 |   144 |   276 |    36 ||   493
       Rpst.: Long sword |     8 |    45 |    80 |    13 ||   146
